 Dungeon Crawl Stone Soup version 0.20.1-1-g8b1a95d (webtiles) character file.

145263 Gremour the Carver (level 17, -5/87 HPs)
             Began as a Gargoyle Fighter on Nov 22, 2017.
             Was the Champion of Qazlal.
             Slain by an Ice Fiend (47 damage)
             ... summoned by a deep elf demonologist
             ... on level 1 of the Elven Halls.
             The game lasted 02:56:33 (23325 turns).

Gremour the Carver (Gargoyle Fighter)              Turns: 23325, Time: 02:56:34

Health: -5/87      AC: 36    Str: 25    XL:     17   Next: 41%
Magic:  11/26      EV: 13    Int: 11    God:    Qazlal [******]
Gold:   1620       SH: 18    Dex: 14    Spells: 22/27 levels left

rFire    + + +     SeeInvis .   a - +9 morningstar of Big Damage {crush, +Blink}
rCold    . . .     Gourm    .   d - +3 buckler {reflect}
rNeg     + + .     Faith    .   T - +1 chain mail {rF+}
rPois    ∞         Spirit   .   w - +1 helmet
rElec    +         Reflect  +   I - +2 cloak of the Arcane {rN+ Regen+}
rCorr    .         Harm     .   c - +1 pair of gloves
MR       ++...     Clarity  +   Y - +0 pair of boots
Stlth    ..........             (no amulet)
Regen    0.7/turn               U - ring of protection from fire
MPRegen  0.2/turn               A - ring of protection from magic

@: mighty, protected from fire, very slightly contaminated, repel missiles
A: big wings, talons 1, clarity, negative energy resistance 1, shaggy fur 1,
electricity resistance, unbreathing, petrification resistance, rot immunity,
subdued magic 1, AC +12
a: Fly, Upheaval, Elemental Force, Disaster Area, Renounce Religion, Evoke Blink


You were on level 1 of the Elven Halls.
You worshipped Qazlal.
Qazlal was exalted by your worship.
You were near starving.

You visited 5 branches of the dungeon, and saw 25 of its levels.
You also visited: Labyrinth.

You collected 1952 gold pieces.
You spent 332 gold pieces at shops.

Inventory:

Hand Weapons
 a - the +9 morningstar of Big Damage (weapon) {crush, +Blink}
   (You found it on level 5 of the Dungeon)

   It inflicts extra damage upon your enemies.
   It lets you blink.
 r - a +3 long sword of electrocution
Missiles
 M - 20 tomahawks of returning (quivered)
Armour
 c - a +1 pair of gloves (worn)
 d - a +3 buckler of reflection (worn)
 w - a +1 helmet (worn)
 I - the +2 cloak of the Arcane (worn) {rN+ Regen+}
   (You bought it in a shop on level 10 of the Dungeon)

   It protects you from negative energy.
   It increases your rate of regeneration.
 T - a +1 chain mail of fire resistance (worn)
 Y - a +0 pair of boots (worn)
Jewellery
 A - a ring of protection from magic (right hand)
 K - a +5 ring of dexterity
 N - an uncursed ring of see invisible
 R - an uncursed ring of resist corrosion
 U - a ring of protection from fire (left hand)
Wands
 s - a wand of paralysis (12/24)
 x - a wand of iceblast (6/15)
 z - a wand of acid (11/15)
 P - a wand of scattershot (4/9)
 Q - a wand of disintegration (13/24)
Scrolls
 e - 4 scrolls of remove curse
 h - a scroll of summoning
 i - 4 scrolls of identify
 j - 5 scrolls of blinking
 k - 5 scrolls of teleportation
 l - a scroll of torment {unknown}
 n - 2 scrolls of magic mapping
 S - a scroll of enchant armour
 W - a scroll of recharging
Potions
 m - 2 potions of magic
 o - a potion of resistance
 t - a potion of cancellation
 u - a potion of ambrosia
 v - 7 potions of curing
 B - 2 potions of brilliance
 D - a potion of agility
 J - a potion of heal wounds
 Z - a potion of might
Miscellaneous
 F - a sack of spiders
Comestibles
 b - 3 chunks of flesh
 f - 8 bread rations
 g - 15 meat rations
 p - 29 fruits
 q - 21 royal jellies


   Skills:
 - Level 3.2 Fighting
 + Level 14.4 Long Blades
 - Level 10.6 Maces & Flails
 * Level 11.2 Armour
 - Level 7.3 Dodging
 - Level 11.1 Shields
 + Level 5.5 Spellcasting
 + Level 5.2 Charms
 + Level 6.0 Necromancy
 + Level 12.5 Invocations
 + Level 5.3 Evocations


You had 22 spell levels left.
You knew the following spells:

 Your Spells              Type           Power        Failure   Level  Hunger
r - Regeneration          Chrm/Necr      ##........   24%         3    ###....
y - Song of Slaying       Chrm           ##......     14%         2    ##.....


Dungeon Overview and Level Annotations

Branches:
Dungeon (15/15)            Temple (1/1) D:7            Lair (6/6) D:9
 Shoals (0/4) Lair:4        Snake (0/4) Lair:2        Slime (0/5) Lair:5
    Orc (2/2) D:11            Elf (1/3) Orc:2        Vaults (0/5) D:13
 Depths (0/5) D:15

Altars:
Ashenzari
Cheibriados
Dithmenos
Elyvilon
Fedhas
Gozag
Hepliaklqana
Kikubaaqudgha
Makhleb
Nemelex Xobeh
Okawaru
Qazlal
Ru
Sif Muna
Trog
Uskayaw
Vehumet
Xom
Yredelemnul
Zin
The Shining One
Beogh
Jiyva

Shops:
D:9 [   D:10 [   Orc:1 }   Orc:2 [%[

Annotations:
D:9 +1 ringmail cR
Elf:1 Agnes


Innate Abilities, Weirdness & Mutations

You are resistant to torment.
Your stone body is resilient. (AC +12)
You are immune to poison.
Your large and strong wings let you fly indefinitely.
You resist negative energy. (rN+)
You are resistant to electric shocks. (rElec)
You can survive without breathing.
You are immune to petrification.
You are immune to rotting.
You have sharp toenails.
You possess an exceptional clarity of mind.
You are covered in fur. (AC +1)
Your spells are a little easier to cast, but a little less powerful.


Message History

You bludgeon Agnes!!
Agnes is almost dead.
Agnes misses you.
The deep elf demonologist gestures wildly while chanting.
The deep elf mage casts a spell.
The deep elf mage blinks!
The deep elf mage mumbles some strange words.
Agnes misses you.
You are near starving!
You closely miss the deep elf demonologist.
You block Agnes's attack.
You block the deep elf demonologist's attack.
Unknown command.
You closely miss the deep elf demonologist.
Your skin stops crawling.
You hear a shout! x2
Agnes says, "I despise a dishonourable opponent."
You block Agnes's attack. The Ice Fiend claws you! The Ice Fiend freezes you!!!
Ouch! That really hurt!
You die...

..# # i.
.....
.##e##
.... .(..#
..s #(.##
{e #(.#
##e##
#(.###...#
#.(.)#e1§#
#..#.i@4.#
#..###§§§#
#..##
.)§§#
....#
##...#
.##.##
##.## # ..
## ..# .#


You could see an Ice Fiend, Agnes, a deep elf demonologist, an ice devil, 2 deep
elf magi and a redback.

Vanquished Creatures
  Kirke (Lair:4)
  A frost giant (D:15)
  2 orc warlords (Orc:2)
  6 dire elephants (Lair:6)
  A merfolk impaler (Lair:4)
  A deep elf death mage (Elf:1)
  A minotaur (Lab)
  Fannar (D:12)
  Erolcha (Orc:2)
  An ogre mage (D:14)
  9 hydras
  A vault guard (D:13)
  An anaconda (Lair:6)
  3 centaur warriors
  11 two-headed ogres
  2 dancing weapons (Elf:1)
  A tengu warrior (D:14)
  The ghost of Regeox the Spear-Bearer, a novice HuFi of Okawaru (D:9)
  3 orc high priests (Orc:2)
  Nergalle (D:11)
  2 deep elf knights
  11 skeletal warriors
  A hell knight (D:15)
  2 wizards (D:15)
  An unseen horror (D:15)
  2 deep elf archers (Elf:1)
  8 orc knights
  13 deep elf magi (Elf:1)
  5 orc sorcerers (Orc:2)
  2 ugly things
  7 cyclopes
  2 manticores (D:13)
  4 black mambas
  8 elephants
  Psyche (D:10)
  A water nymph (shapeshifter) (D:13)
  3 centaur skeletons
  2 gargoyles (D:13)
  12 spiny frogs
  6 komodo dragons
  A yaktaur (D:15)
  A redback zombie (D:15)
  2 kobold demonologists (D:13)
  3 meliai (D:15)
  7 trolls
  A tengu conjurer (D:15)
  Prince Ribbit (D:4)
  16 hippogriffs
  Grinder (D:5)
  2 hornets
  23 slime creatures
  5 dream sheep (Lair:6)
  A meliai zombie (D:15)
  A hornet (shapeshifter) (D:14)
  A hippogriff (shapeshifter) (D:15)
  4 blink frogs (Lair:1)
  A shadow (D:15)
  2 vampires
  A spriggan (shapeshifter) (D:13)
  17 flying skulls
  A centaur simulacrum (D:15)
  2 wraiths (D:12)
  A hog (Lair:4)
  4 wyverns
  A fire elemental (Elf:1)
  39 yaks
  Sigmund (D:3)
  A basilisk (D:11)
  6 hungry ghosts
  10 vampire mosquitoes
  2 nagas (Lair:2)
  2 wargs (Orc:2)
  13 water moccasins
  2 acid dragons
  A soldier ant (D:12)
  11 porcupines
  4 sky beasts
  An eye of draining (D:11)
  3 ice beasts
  36 orc warriors
  2 black bears
  8 phantoms
  A black bear (shapeshifter) (D:15)
  A necrophage (D:10)
  A boggart (D:13)
  21 ogres
  6 wolves (Lair:4)
  12 centaurs
  11 crocodiles
  2 big kobolds
  2 gnoll sergeants (D:5)
  A wyvern zombie (D:10)
  17 bullfrogs
  A water moccasin zombie (D:11)
  An earth elemental (Elf:1)
  7 scorpions
  2 wyvern skeletons (D:13)
  11 killer bees (D:13)
  13 wights
  3 howler monkeys
  2 electric eels (Lair:1)
  5 crimson imps
  3 centaur zombies
  23 orc wizards
  A quasit (D:9)
  5 jellies
  Crazy Yiuf (D:5)
  2 bullfrog skeletons
  30 orc priests
  7 hounds
  3 iguanas
  9 hell rats (Lair:2)
  7 worker ants
  6 ogre zombies (D:11)
  The ghost of dscm the Ducker, a weakling DsGl (D:3)
  A howler monkey skeleton (D:4)
  2 worker ant zombies
  Robin (D:3)
  13 gnolls
  14 adders
  11 river rats (Lair:2)
  6 shadow imps
  10 oozes
  An adder skeleton (D:8)
  4 worms
  3 dart slugs
  4 leopard geckos
  124 orcs
  8 giant cockroaches
  15 goblins
  12 hobgoblins
  15 jackals
  14 quokkas
  4 ball pythons
  11 bats
  4 frilled lizards
  A goblin skeleton (D:11)
  3 goblin zombies (D:11)
  A hobgoblin skeleton (D:11)
  3 hobgoblin zombies (D:11)
  16 kobolds
  2 leopard gecko skeletons
  An orc skeleton (D:11)
  10 orc zombies (D:11)
  A quokka zombie (D:7)
  17 rats
  3 fungi
  A plant (Lair:6)
938 creatures vanquished.

Vanquished Creatures (others)
  An unseen horror (D:15)
  5 yaks (Lair:5)
  An orc warrior (Orc:2)
  2 centaurs (Lair:4)
  An orc (Orc:2)
  A bush (Lair:6)
  10 fungi
  19 plants
40 creatures vanquished.

Grand Total: 978 creatures vanquished

Notes
Turn   | Place    | Note
-------+----------+-------------------------------------------
     0 | D:1      | Gremour the Gargoyle Fighter began the quest for the Orb.
     0 | D:1      | Reached XP level 1. HP: 14/14 MP: 1/1
    31 | D:1      | Reached skill level 2 in Long Blades
    65 | D:1      | Reached XP level 2. HP: 16/19 MP: 2/2
   452 | D:1      | Reached skill level 3 in Long Blades
   499 | D:1      | Reached XP level 3. HP: 23/23 MP: 3/3
  1171 | D:2      | Found a radiant altar of Vehumet.
  1182 | D:2      | Reached XP level 4. HP: 14/28 MP: 4/4
  1268 | D:2      | Reached skill level 4 in Long Blades
  1332 | D:2      | Found a white marble altar of Elyvilon.
  1385 | D:2      | Found a basalt altar of Yredelemnul.
  1451 | D:2      | Found a glowing golden altar of the Shining One.
  1700 | D:3      | Noticed Robin
  1724 | D:3      | Reached XP level 5. HP: 31/32 MP: 5/5
  1753 | D:3      | Killed Robin
  1889 | D:3      | Noticed Sigmund
  1913 | D:3      | Killed Sigmund
  1913 | D:3      | Reached skill level 5 in Long Blades
  1913 | D:3      | Reached XP level 6. HP: 20/37 MP: 6/6
  2347 | D:3      | Reached skill level 6 in Long Blades
  2362 | D:3      | Noticed dscm's ghost (weakling DsGl)
  2392 | D:3      | Killed dscm's ghost
  2700 | D:4      | Reached XP level 7. HP: 41/41 MP: 7/7
  3018 | D:4      | Reached skill level 7 in Long Blades
  3154 | D:4      | Found a shattered altar of Ashenzari.
  3399 | D:5      | Entered Level 5 of the Dungeon
  3410 | D:5      | Noticed Prince Ribbit
  3889 | D:5      | Noticed Grinder
  3933 | D:5      | Paralysed by Grinder for 2 turns
  3936 | D:5      | Killed Grinder
  3936 | D:5      | Reached skill level 8 in Long Blades
  3936 | D:5      | Reached XP level 8. HP: 27/46 MP: 8/8
  4287 | D:5      | Got an ancient morningstar
  4288 | D:5      | Identified the +9 morningstar of Big Damage {crush, +Blink} (You found it on level 5 of the Dungeon)
  4298 | D:5      | Noticed Crazy Yiuf
  4306 | D:5      | Killed Crazy Yiuf
  4404 | D:5      | Found a runed door.
  4603 | D:5      | Reached skill level 9 in Long Blades
  4923 | D:5      | Reached skill level 1 in Maces & Flails
  5087 | D:6      | Reached XP level 9. HP: 51/51 MP: 9/9
  5288 | D:6      | Found a shadowy altar of Dithmenos.
  5412 | D:6      | Found a snail-covered altar of Cheibriados.
  5412 | D:6      | Found a shimmering altar of Xom.
  5543 | D:7      | Found a staircase to the Ecumenical Temple.
  5597 | Temple   | Entered the Ecumenical Temple
  5626 | Temple   | Became a worshipper of Qazlal Stormbringer
  5673 | D:7      | Reached skill level 5 in Maces & Flails
  5681 | D:7      | Reached skill level 5 in Shields
  5766 | D:7      | Found a bloodstained altar of Trog.
  5843 | D:7      | Gained mutation: Your spells are a little harder to cast, but a little more powerful. [mutagenic meat]
  5844 | D:7      | Gained mutation: You tend to lose your temper in combat. [mutagenic meat]
  5845 | D:7      | Gained mutation: Scrolls take you a little longer to read. [mutagenic meat]
  5947 | D:7      | Lost mutation: Your spells are a little harder to cast, but a little more powerful. [potion of mutation]
  5947 | D:7      | Lost mutation: Scrolls take you a little longer to read. [potion of mutation]
  5947 | D:7      | Lost mutation: You tend to lose your temper in combat. [potion of mutation]
  5947 | D:7      | Gained mutation: Your body sometimes deteriorates upon taking damage. [potion of mutation]
  5947 | D:7      | Gained mutation: You are weak. (Str -2) [potion of mutation]
  5947 | D:7      | Gained mutation: You have sharp toenails. [potion of mutation]
  6219 | D:4      | Killed Prince Ribbit
  6427 | D:8      | Reached * piety under Qazlal
  6547 | D:8      | Reached XP level 10. HP: 52/56 MP: 10/10
  7106 | D:9      | Noticed Regeox's ghost (novice HuFi)
  7120 | D:9      | Killed Regeox's ghost
  7120 | D:9      | Reached skill level 5 in Armour
  7231 | D:9      | Got a smoking quarterstaff
  7269 | D:9      | Identified the +10 quarterstaff "Pus Diug" {antimagic, rC+ MR- Str+3} (You found it on level 9 of the Dungeon)
  7316 | D:9      | Noticed a two-headed ogre
  7335 | D:9      | Killed a two-headed ogre
  7335 | D:9      | Reached skill level 10 in Maces & Flails
  7354 | D:9      | Found Fusiel's Armour Boutique.
  7574 | D:9      | Found a sacrificial altar of Ru.
  7582 | D:9      | Found a staircase to the Lair.
  7621 | D:9      | HP: 2/56 [troll (1)]
  7918 | D:9      | Noticed a two-headed ogre
  7928 | D:9      | Killed a two-headed ogre
  7928 | D:9      | Reached ** piety under Qazlal
  7928 | D:9      | Reached XP level 11. HP: 16/60 MP: 11/11
  8147 | D:10     | Entered Level 10 of the Dungeon
  8260 | D:10     | Found Cesom's Antique Armour Shop.
  8300 | D:10     | Bought a pitted cloak for 332 gold pieces
  8310 | D:10     | Identified the +2 cloak of the Arcane {rN+ Regen+} (You bought it in a shop on level 10 of the Dungeon)
  8330 | D:10     | Noticed Psyche
  8333 | D:10     | Killed Psyche
  8562 | D:10     | Noticed a cyclops
  8566 | D:10     | Killed a cyclops
  8880 | D:11     | You fall through a shaft!
  8880 | D:12     | Noticed a skeletal warrior
  8880 | D:12     | Noticed a skeletal warrior
  8880 | D:12     | Noticed a skeletal warrior
  8880 | D:12     | Noticed a skeletal warrior
  8880 | D:12     | Noticed a skeletal warrior
  8886 | D:12     | Noticed a brown ugly thing
  8894 | D:12     | Noticed a two-headed ogre
  8896 | D:12     | Killed a brown ugly thing
  8914 | D:12     | Killed a skeletal warrior
  8914 | D:12     | Reached *** piety under Qazlal
  8914 | D:12     | Reached skill level 10 in Long Blades
  9027 | D:11     | Found a staircase to the Orcish Mines.
  9119 | D:11     | Noticed a two-headed ogre
  9128 | D:11     | Killed a two-headed ogre
  9299 | D:11     | Noticed a six-headed hydra
  9305 | D:11     | Killed a six-headed hydra
  9313 | D:11     | Noticed a cyan ugly thing
  9322 | D:11     | Killed a cyan ugly thing
  9322 | D:11     | Reached **** piety under Qazlal
  9322 | D:11     | Reached skill level 10 in Shields
  9585 | D:11     | Noticed a four-headed hydra
  9594 | D:11     | Killed a four-headed hydra
  9594 | D:11     | Reached XP level 12. HP: 52/64 MP: 12/12
  9743 | D:12     | Noticed Fannar
  9759 | D:12     | Killed Fannar
 10011 | D:12     | Noticed a two-headed ogre
 10020 | D:12     | Killed a two-headed ogre
 10133 | D:12     | Reached skill level 1 in Dodging
 10206 | D:12     | Killed a two-headed ogre
 10282 | D:12     | Reached skill level 11 in Long Blades
 10356 | D:12     | Reached skill level 1 in Evocations
 10658 | D:13     | Got a shimmering whip
 10659 | D:13     | Identified the +3 whip of Gozag's Supremacy {antimagic, rPois} (You found it on level 13 of the Dungeon)
 10827 | D:13     | Reached ***** piety under Qazlal
 10882 | D:13     | Reached skill level 10 in Armour
 10984 | D:13     | Noticed a vault guard
 11004 | D:13     | Killed a vault guard
 11004 | D:13     | Reached XP level 13. HP: 68/68 MP: 13/13
 11507 | D:13     | Reached skill level 5 in Dodging
 11696 | D:13     | Found a gate to the Vaults.
 12068 | D:13     | Reached skill level 12 in Long Blades
 12352 | D:14     | Reached skill level 1 in Invocations
 12387 | D:14     | Reached ****** piety under Qazlal
 12596 | D:14     | Reached skill level 5 in Invocations
 12596 | D:14     | Gained mutation: Your large and strong wings let you fly indefinitely. [Gargoyle growth]
 12596 | D:14     | Reached XP level 14. HP: 48/74 MP: 17/17
 12795 | D:14     | Lost mutation: Your body sometimes deteriorates upon taking damage. [potion of mutation]
 12795 | D:14     | Lost mutation: You are weak. (Str -2) [potion of mutation]
 12795 | D:14     | Gained mutation: Your mind is acute. (Int +2) [potion of mutation]
 12795 | D:14     | Gained mutation: You are covered in fur. (AC +1) [potion of mutation]
 13044 | D:15     | Entered Level 15 of the Dungeon
 13166 | D:15     | Paralysed by an ogre mage for 3 turns
 13179 | D:14     | Paralysed by an ogre mage for 6 turns
 13657 | D:15     | Reached skill level 10 in Invocations
 14187 | D:15     | Noticed a frost giant
 14201 | D:15     | Killed a frost giant
 14304 | D:15     | Found a staircase to the Depths.
 14828 | Lair:1   | Entered Level 1 of the Lair of Beasts
 14931 | Lair:1   | Reached skill level 5 in Necromancy
 14931 | Lair:1   | Reached XP level 15. HP: 78/78 MP: 23/23
 15678 | Lair:2   | Got an ancient spear
 15686 | Lair:2   | Identified the +8 spear "Ukkairch" {freeze, rPois rF+ MR- Int+9} (You found it on level 2 of the Lair of Beasts)
 15789 | Lair:2   | Found a staircase to the Snake Pit.
 15993 | Lair:2   | Reached XP level 16. HP: 76/83 MP: 25/25
 16904 | Lair:3   | Reached skill level 13 in Long Blades
 17437 | Lair:4   | Noticed Kirke
 17501 | Lair:4   | Killed Kirke
 17620 | Lair:4   | Found a staircase to the Shoals.
 17642 | Lair:4   | Found a labyrinth entrance.
 17664 | Lab      | Entered a labyrinth
 17974 | Lab      | Identified the Almanac of the Vitriolic Birds
 18919 | Lair:5   | Found a viscous altar of Jiyva.
 18920 | Lair:5   | Found a staircase to the Slime Pits.
 18971 | Lair:5   | Learned a level 3 spell: Regeneration
 18974 | Lair:5   | Learned a level 2 spell: Song of Slaying
 19707 | Lair:5   | You fall through a shaft!
 19707 | Lair:6   | Entered Level 6 of the Lair of Beasts
 19740 | Lair:6   | Reached skill level 1 in Spellcasting
 19746 | Lair:6   | Reached skill level 14 in Long Blades
 20680 | Lair:6   | Identified the Disquisition on the Compass
 20683 | Lair:6   | Got a heavily runed diamond amulet
 20684 | Lair:6   | Identified the amulet of Giys Emilo {Faith rElec Str-3 Dex+2} (You found it on level 6 of the Lair of Beasts)
 20696 | Lair:6   | Lost mutation: You have sharp toenails. [potion of mutation]
 20696 | Lair:6   | Lost mutation: Your mind is acute. (Int +2) [potion of mutation]
 20696 | Lair:6   | Gained mutation: You have sharp toenails. [potion of mutation]
 20696 | Lair:6   | Gained mutation: Your spells are a little easier to cast, but a little less powerful. [potion of mutation]
 20696 | Lair:6   | Gained mutation: You possess an exceptional clarity of mind. [potion of mutation]
 20751 | Lair:6   | Reached skill level 1 in Charms
 21276 | Orc:1    | Entered Level 1 of the Orcish Mines
 21276 | Orc:1    | Noticed Nergalle
 21298 | D:11     | Killed Nergalle
 21370 | Orc:1    | Reached skill level 5 in Evocations
 21438 | Orc:1    | Found a roughly hewn altar of Beogh.
 21467 | Orc:1    | Found Egoc's Gadget Shop.
 21613 | Orc:2    | Entered Level 2 of the Orcish Mines
 21651 | Orc:2    | Noticed Erolcha
 21664 | Orc:2    | Killed Erolcha
 21924 | Orc:2    | Reached skill level 5 in Spellcasting
 21940 | Orc:2    | Found a roughly hewn altar of Beogh.
 22096 | Orc:2    | Reached XP level 17. HP: 87/87 MP: 26/26
 22169 | Orc:2    | Found Tyirul's Antique Armour Boutique.
 22184 | Orc:2    | Found Impog's Food Shop.
 22604 | Orc:2    | Found a roughly hewn altar of Beogh.
 22627 | Orc:2    | Found Piungitt's Armour Boutique.
 23075 | Orc:2    | Reached skill level 5 in Charms
 23159 | Orc:2    | Found a staircase to the Elven Halls.
 23164 | Elf:1    | Entered Level 1 of the Elven Halls
 23281 | Elf:1    | Noticed Agnes
 23320 | Elf:1    | Noticed an Ice Fiend
 23325 | Elf:1    | Slain by an Ice Fiend

Skill      XL: |  1  2  3  4  5  6  7  8  9 10 11 12 13 14 15 16 17 |
---------------+----------------------------------------------------+-----
Long Blades    | 2 3 4 5 6 8 9 10 11 12 14 | 14.4
Shields        | 4 5 7 10 11 | 11.1
Maces & Flails | 3 7 10 | 10.6
Armour         | 4 5 8 10 11 | 11.2
Dodging        | 3 7 |  7.3
Evocations     | 1 2 3 5 |  5.3
Invocations    | 5 11 12 | 12.5
Necromancy     | 5 6 |  6.0
Spellcasting   | 5 |  5.5
Charms         | 3 5 |  5.2
Fighting       | |  3.2

Action                   |  1- 3 |  4- 6 |  7- 9 | 10-12 | 13-15 | 16-18 || total
-------------------------+-------+-------+-------+-------+-------+-------++-------
Melee: Long sword        |   115 |   238 |   175 |       |       |     3 ||   531
       Morningstar       |       |       |   185 |   601 |   739 |  1059 ||  2584
       Kick              |       |       |     7 |   152 |    91 |       ||   250
Throw: Tomahawk          |       |     1 |       |       |       |       ||     1
       Javelin           |       |       |     1 |    15 |     9 |     3 ||    28
 Cast: Regeneration      |       |       |       |       |       |     3 ||     3
       Song of Slaying   |       |       |       |       |       |     1 ||     1
Invok: Disaster Area     |       |       |       |       |       |     2 ||     2
 Abil: Evoke Blink       |       |       |       |     1 |       |       ||     1
Evoke: Wand              |       |       |       |     3 |       |       ||     3
       Sack of spiders   |       |       |       |       |       |     1 ||     1
  Use: Potion            |       |     3 |     6 |     3 |     7 |     4 ||    23
       Scroll            |       |       |    15 |     5 |     5 |     9 ||    34
  Eat: Chunk             |     1 |     6 |    11 |    16 |    15 |    19 ||    68
       Royal jelly       |       |       |     1 |       |     2 |     1 ||     4
       Fruit             |       |       |     3 |       |       |     1 ||     4
       Meat ration       |       |       |       |       |       |     1 ||     1
Armor: Scale mail        |    56 |   120 |   184 |   225 |       |       ||   585
       Chain mail        |       |       |       |    15 |   360 |   391 ||   766
Dodge: Dodged            |    34 |    63 |   106 |   127 |   210 |   344 ||   884
       Deflected         |       |       |       |       |    22 |     9 ||    31
Block: Shield            |    47 |   110 |   205 |   413 |   683 |       ||  1458
       Buckler           |       |       |       |       |    94 |   875 ||   969
       Reflection        |       |       |       |       |     3 |    39 ||    42
       Rpst.: Long sword |    11 |    20 |     8 |       |       |       ||    39
